 Dungeon Crawl Stone Soup version 0.24-a0-809-g71cb82dfb8 (webtiles) character file.

Game seed: 8927463783672007834, levelgen mode: deterministic

138 Peloso the Covered (level 5, 0/46 HPs)
             Began as a Minotaur Fighter on Oct 11, 2019.
             Slain by a sky beast (6 damage)
             ... on level 5 of the Dungeon.
             The game lasted 00:03:28 (1720 turns).

Peloso the Covered (Minotaur Fighter)               Turns: 1720, Time: 00:03:30

Health: 0/46       AC:  9    Str: 26    XL:     5   Next: 1%
Magic:  4/4        EV:  6    Int:  5    God:
Gold:   173        SH: 10    Dex: 10    Spells: 4/4 levels left

rFire    . . .     SeeInvis .   a - +0 long sword
rCold    . . .     Gourm    .   c - +0 shield
rNeg     . . .     Faith    .   b - +0 chain mail
rPois    .         Spirit   .   (helmet restricted)
rElec    .         Reflect  .   (no cloak)
rCorr    .         Harm     .   (no gloves)
MR       .....                  (no boots)
Stlth    ..........             (no amulet)
HPRegen  0.15/turn              (no ring)
MPRegen  0.09/turn              (no ring)

@: mighty
A: retaliatory headbutt, horns 2
a: no special abilities


You were on level 5 of the Dungeon.
You were not hungry.

You visited 1 branch of the dungeon, and saw 5 of its levels.

You collected 173 gold pieces.

Inventory:

Hand Weapons
 a - a +0 long sword (weapon)
Armour
 b - a +0 chain mail (worn)
 c - a +0 shield (worn)
Scrolls
 e - 3 scrolls of remove curse {unknown}
 g - 7 scrolls of identify {unknown}
 h - 2 scrolls of teleportation {unknown}
 i - a scroll of magic mapping {unknown}
 j - 2 scrolls of blinking {unknown}
 k - a scroll of immolation {unknown}
 n - a scroll of enchant armour {unknown}
Potions
 m - a potion of cancellation
Comestibles
 f - 3 rations
 o - a chunk of flesh


   Skills:
 + Level 4.1 Fighting
 + Level 4.2 Long Blades
 + Level 4.6 Armour
 + Level 0.2 Dodging
 + Level 4.6 Shields


You had 4 spell levels left.
You didn't know any spells.
Your spell library was empty.

Dungeon Overview and Level Annotations

Branches:
Dungeon (6/15)
 Temple: D:4-7

Altars:


Innate Abilities, Weirdness & Mutations

You reflexively headbutt those who attack you in melee.
You have a pair of horns on your head.


Message History

You block the sky beast's attack.
You slash the sky beast! Your headbutt misses the sky beast.
The sky beast is heavily wounded.
You block the sky beast's attack.
You closely miss the sky beast.
The sky beast is heavily wounded.
The sky beast hits you.
* * * LOW HITPOINT WARNING * * *
The sky beast shocks you.
* * * LOW HITPOINT WARNING * * *
You miss the sky beast.
The sky beast is heavily wounded.
The sky beast hits you but does no damage. x2
Your chain mail prevents you from hitting the sky beast.
You headbutt the sky beast.
The sky beast is severely wounded.
The sky beast hits you.
* * * LOW HITPOINT WARNING * * *
The sky beast shocks you.
You die...

...# ....
..... ...
... ..
###.#...#
#...?...#
#Y# #@#
##รท# #.>#
#.#........
#.###.#.#.##
..# #. # #.#
#. ## .# #


You could see a sky beast.

Vanquished Creatures
  An iguana (D:5)
  4 adders
  An ooze (D:3)
  2 worms
  4 dart slugs
  A leopard gecko (D:3)
  5 orcs (D:3)
  2 giant cockroaches (D:3)
  5 goblins
  6 hobgoblins
  6 jackals
  4 kobolds
  A quokka (D:2)
  A ball python (D:3)
  4 bats
  3 frilled lizards
  4 rats
54 creatures vanquished.

Notes
Turn   | Place    | Note
-------+----------+-------------------------------------------
     0 | D:1      | Peloso the Minotaur Fighter began the quest for the Orb.
     0 | D:1      | Reached XP level 1. HP: 19/19 MP: 0/0
   162 | D:1      | Reached XP level 2. HP: 27/27 MP: 1/1
   802 | D:2      | Reached XP level 3. HP: 33/33 MP: 2/2
  1352 | D:3      | Reached XP level 4. HP: 40/40 MP: 3/3
  1676 | D:3      | You fall into a shaft and drop 3 floors!
  1686 | D:5      | Entered Level 5 of the Dungeon
  1693 | D:5      | Noticed a sky beast
  1698 | D:5      | Reached XP level 5. HP: 30/46 MP: 4/4
  1720 | D:5      | Slain by a sky beast

Levels and vault maps discovered:
D:1:      dpeg_arrival_ternary, layout_loops_ring, kennysheep_doodads
D:2:      layout_rooms
D:3:      minmay_wonky_spiral, layout_loops_ring, first_ration
D:5:      layout_loops_cross, gammafunk_ghost_cemetery,
          chequers_serial_rivers_micro_d, dk_noncrumbling_3,
          nicolae_gozag_cash_rules_everything_around_me
D:6:      layout_basic, serial_rivers, chequers_serial_rivers_marsh,
          chequers_serial_rivers_small_3, chequers_serial_rivers_micro_b,
          chequers_serial_rivers_micro_b, chequers_serial_rivers_small_3,
          gammafunk_ghost_nasty_kobolds, lightli_orcish_oven

Skill      XL: |  1  2  3  4 |
---------------+-------------+-----
Fighting       | 4 |  4.1
Shields        | 4 |  4.6
Armour         | 4 |  4.6
Long Blades    | 3 4 |  4.2
Dodging        | |  0.2

Action                   |  1- 3 |  4- 6 || total
-------------------------+-------+-------++-------
Melee: Long sword        |    85 |    61 ||   146
       Headbutt          |    15 |    12 ||    27
  Use: Potion            |     5 |     2 ||     7
  Eat: Chunk             |     1 |     2 ||     3
Armor: Scale mail        |    37 |     3 ||    40
       Chain mail        |       |    31 ||    31
Dodge: Dodged            |    35 |     7 ||    42
Block: Shield            |    50 |    32 ||    82
       Rpst.: Long sword |    13 |     1 ||    14

Table legend:
 A = Non-vault XP
 B = Vault XP
 C = Vault XP percentage of total XP
 D = Non-vault monster count
 E = Vault monster count
 F = Vault count percentage of total count
                 A         B        C        D         E       F
            +---------+---------+-------+---------+---------+-------
      Total |     173 |      25 |  12.6 |      49 |       5 |   9.3
            +---------+---------+-------+---------+---------+-------
        D:1 |      24 |       0 |   0.0 |      12 |       0 |   0.0
        D:2 |      62 |       0 |   0.0 |      21 |       0 |   0.0
        D:3 |      51 |      25 |  32.9 |      15 |       5 |  25.0
        D:5 |      36 |       0 |   0.0 |       1 |       0 |   0.0
            +---------+---------+-------+---------+---------+-------
